 Dungeon Crawl Stone Soup version 0.31-a0-700-gf13585253f (webtiles) character file.

Game seed: 9298594627298898346

447 lunkers the Ruffian (level 7, -1/45 HPs)
             Began as a Meteoran Shapeshifter on Sept 7, 2023.
             Slain by Dynojp's ghost (5 damage)
             ... on level 4 of the Dungeon.
             The game lasted 00:06:25 (1411 turns).

lunkers the Ruffian (Meteoran Shapeshifter)         Turns: 1411, Time: 00:06:25

Health: -1/45      AC:  8    Str: 17    XL:     7   Next: 49%
Magic:  8/8        EV: 12    Int: 11    God:
Gold:   183        SH:  0    Dex: 15    Spells: 6/6 levels left

rFire   . .          .
                       - Unarmed
rCold   . . .        (shield currently unavailable)
rNeg    . . .        l - +1 troll leather armour {Pargi}
rPois   .            (no helmet)
rElec   .            (no cloak)
rCorr   .            (no gloves)
SInv    .            (no boots)
Will    .....        (no amulet)
Stlth   +            e - +4 ring of protection
HPRegen 1.07/turn    n - ring of flight
MPRegen 0.11/turn

%: no passive effects
@: flux-form, flying, glowing
A: glow, contaminating, reduced hp, sense surroundings 1, otherworldly, glowing,
explore regen
a: Begin Untransformation


You were on level 4 of the Dungeon.
You were something dangerously unstable.
You visited 1 branch of the dungeon, and saw 4 of its levels.
You also visited: Sewer.

You collected 183 gold pieces.

Inventory:

Armour
 a - a +0 animal skin
 h - a +0 scale mail
 j - a +0 helmet
 l - a +1 troll leather armour (worn) {Pargi}
Jewellery
 e - a +4 ring of protection (left hand)
 n - a ring of flight (right hand)
Talismans
 c - a beast talisman
 d - a flux talisman (active)
Scrolls
 k - a scroll of teleportation
Potions
 f - a potion of haste
 i - a potion of curing


   Skills:
 - Level 1.1 Fighting
 - Level 2.1 Dodging
 * Level 7.8 Unarmed Combat
 + Level 5.7 Shapeshifting


You had 6 spell levels left.
You didn't know any spells.
Your spell library contained the following spells:

 Spells                   Type           Power      Damage    Failure   Level
 Poisonous Vapours        Pois/Air       0%         N/A       54%         2
 Mephitic Cloud           Conj/Pois/Air  0%         N/A       78%         3
 Freezing Cloud           Conj/Ice/Air   0%         6-21      100%        5


Dungeon Overview and Level Annotations

Branches:
Dungeon (4/15) Zot: 1138    Sewer (visited)
 Temple: D:4-7

Altars:

Annotations:
D:4 Dynojp's ghost, amateur MiFi


Innate Abilities, Weirdness & Mutations

You are something dangerously unstable.
You glow with magical radiation, making you easy to see and hit.
Foes you strike become dangerously contaminated with magical radiation.
Your maximum health is decreased, since you lack skill for your form.
You are incapable of wielding weapons or throwing items.
You passively map a small area around you.
You are easily found by Zot.
You glow in the dark.
You regain HP and MP as you explore.


Message History

Dynojp's ghost glows dangerously bright.
Dynojp's ghost hits you but does no damage.
Unknown command.
You hit Dynojp's ghost.
Dynojp's ghost shudders as magic cascades through it.
Dynojp's ghost is lightly damaged.
Dynojp's ghost hits you.
* * * LOW HITPOINT WARNING * * *
You barely miss Dynojp's ghost.
Dynojp's ghost is lightly damaged.
Dynojp's ghost hits you!
* * * LOW HITPOINT WARNING * * *
You barely miss Dynojp's ghost.
Dynojp's ghost is lightly damaged.
Dynojp's ghost hits you!
* * * LOW HITPOINT WARNING * * *
You barely miss Dynojp's ghost.
Dynojp's ghost is lightly damaged.
Dynojp's ghost hits you but does no damage.
Unknown command.
You hit Dynojp's ghost.
Dynojp's ghost begins to glow.
Dynojp's ghost is lightly damaged.
You barely miss Dynojp's ghost.
Dynojp's ghost is lightly damaged.
Dynojp's ghost hits you!
* * * LOW HITPOINT WARNING * * *
You hit Dynojp's ghost.
Dynojp's ghost glows dangerously bright.
Dynojp's ghost is lightly damaged.
Dynojp's ghost barely misses you.
Unknown command.
You hit Dynojp's ghost.
Dynojp's ghost shudders as magic cascades through it.
Dynojp's ghost is moderately damaged.
Dynojp's ghost closely misses you.
Unknown command.
You hit Dynojp's ghost.
Dynojp's ghost begins to glow.
Dynojp's ghost is moderately damaged.
Dynojp's ghost hits you.
You die...

, , ,#....#..#
*#### #### ,
#..#....#
#...♣.(.#
,#..#.#.#.
#((.....# *
#..#.#.#.
#....(..#
#..#.#.#.
#..(....#
#..#.#...
#(....(.#
##......##
###'W'###
#.....>##
#...B...#
#.#.####
#.......# #.#.#
####..######.#.#
##........#.#
########.#.#
#.#.. #.###* #.#
#.#


You could see Dynojp's ghost (contam).

Vanquished Creatures
  Pargi (Sewer)
  An ogre (D:4)
  Blork the orc (D:4)
  An orc priest (D:3)
  An orc wizard (D:3)
  4 gnolls (D:3)
  4 adders
  A worm (D:2)
  4 dart slugs
  8 orcs (D:3)
  6 ball pythons
  5 endoplasms
  4 giant cockroaches
  2 goblins
  3 hobgoblins
  6 kobolds
  3 bats
  5 frilled lizards
  6 rats
66 creatures vanquished.

Notes
Turn   | Place    | Note
-------+----------+-------------------------------------------
     0 | D:1      | lunkers the Meteoran Shapeshifter began the quest for the
                  | Orb.
     0 | D:1      | Reached XP level 1. HP: 16/16 MP: 2/2
    83 | D:1      | Reached XP level 2. HP: 23/23 MP: 3/3
    88 | D:1      | Reached skill level 4 in Unarmed Combat
   394 | D:2      | Reached XP level 3. HP: 28/28 MP: 4/4
   707 | D:2      | Reached XP level 4. HP: 31/35 MP: 5/5
   762 | D:3      | Reached skill level 5 in Unarmed Combat
   831 | D:3      | Reached XP level 5. HP: 14/40 MP: 6/6
   957 | D:3      | Reached skill level 6 in Unarmed Combat
  1006 | D:3      | Reached skill level 5 in Shapeshifting
  1006 | D:3      | Reached XP level 6. HP: 33/47 MP: 7/7
  1039 | D:3      | Found a glowing drain.
  1044 | Sewer    | Entered a sewer
  1114 | Sewer    | Noticed Pargi
  1128 | Sewer    | Killed Pargi
  1129 | Sewer    | Reached skill level 7 in Unarmed Combat
  1313 | D:4      | Noticed Blork the orc
  1316 | D:4      | Noticed an ogre
  1323 | D:4      | Killed an ogre
  1324 | D:4      | Reached XP level 7. HP: 52/52 MP: 8/8
  1330 | D:4      | Killed Blork the orc
  1384 | D:4      | Found a runed translucent gate.
  1384 | D:4      | Found a runed translucent gate.
  1384 | D:4      | Found a runed translucent gate.
  1386 | D:4      | Noticed Dynojp's ghost (amateur MiFi)
  1408 | D:4      | HP: 1/45 [Dynojp's ghost (8)]
  1411 | D:4      | Slain by Dynojp's ghost

Illustrated notes

Levels and vault maps discovered:
D:1:      dpeg_arrival_round_b, layout_basic, hangedman_decor_lopped,
          kennysheep_decorative_pillar
D:2:      layout_loops_ring, roderic_malta_cross, serial_bayou_pond_c,
          minmay_tripent
D:3:      layout_basic, gup_sewer_entry_bowl
D:4:      layout_basic, minmay_temple_entry_arrows, ebering_ghost_rock_garden,
          uniq_blork_the_orc

Skill      XL: |  1  2  3  4  5  6 |
---------------+-------------------+-----
Unarmed Combat | 4 5 6 7 |  7.8
Shapeshifting  | 4 5 |  5.7
Fighting       | |  1.1
Dodging        | |  2.1

Action                     |  1- 3 |  4- 6 |  7- 9 || total
---------------------------+-------+-------+-------++-------
  Melee: Unarmed           |    66 |   119 |    25 ||   210
         Punch             |     1 |     5 |       ||     6
    Use: Scroll            |       |     4 |     3 ||     7
         Potion            |       |     1 |       ||     1
 Armour: Animal skin       |    11 |       |       ||    11
         Scale mail        |    16 |   102 |       ||   118
         Troll leather arm |       |     2 |    12 ||    14
         Skin              |       |     2 |     4 ||     6
  Dodge: Dodged            |    36 |    64 |     3 ||   103
   Form: Flux              |       |       |     1 ||     1

Table legend: (Time is in decaauts)
 A = Elapsed time spent in this place.
 B = Non-inter-level travel time spent in this place.
 C = Inter-level travel time spent in this place.
 D = Time resting spent in this place.
 E = Time spent auto-exploring this place.
 F = Levels seen in this place.
 G = Mean time per level.
                   A        B        C        D        E       F      G
               +--------+--------+--------+--------+--------+-----+--------+
         Total |   1403 |   1403 |      0 |     15 |    797 |   5 |  280.6 |
       Dungeon |   1260 |   1260 |      0 |     15 |    711 |   4 |  315.0 |
         Sewer |    142 |    142 |      0 |      0 |     86 |   1 |  142.0 |
               +--------+--------+--------+--------+--------+-----+--------+

Top non-repeatable levels by time:
     D:2: 458 daAuts
     D:3: 429 daAuts
     D:1: 279 daAuts
   Sewer: 142 daAuts
     D:4: 93 daAuts
